 Dungeon Crawl Stone Soup version 0.31-a0-1352-gc98d92de7d (webtiles) character file.

Game seed: 17912277154470893114

135 kae the Sneak (level 4, -1/32 HPs)
             Began as a Demonspawn Enchanter on Dec 22, 2023.
             Killed by divine providence
             ... invoked by an orc priest
              (15 damage)
             ... on level 3 of the Dungeon.
             The game lasted 00:03:27 (2023 turns).

kae the Sneak (Demonspawn Enchanter)                Turns: 2023, Time: 00:03:28

Health: -1/32      AC:  2    Str:  9    XL:     4   Next: 96%
Magic:  7/7        EV: 12    Int: 15    God:
Gold:   124        SH:  0    Dex: 15    Spells: 2/7 levels left

rFire   . . .        a - +1 dagger
rCold   . . .        (no shield)
rNeg    . . .        b - +0 robe
rPois   .            (no helmet)
rElec   .            (no cloak)
rCorr   .            (no gloves)
SInv    .            (no boots)
Will    .....        (no amulet)
Stlth   ++           (no ring)
HPRegen 0.25/turn    (no ring)
MPRegen 0.20/turn

%: no passive effects
@: no status effects
A: magic regeneration, weakness stinger 1
a: no special abilities


You were on level 3 of the Dungeon.
You visited 1 branch of the dungeon, and saw 3 of its levels.

You collected 124 gold pieces.


Innate Abilities, Weirdness & Mutations

You regenerate magic rapidly.
You have a small tail.


   Skills:
 + Level 1.3 Fighting
 * Level 2.2 Short Blades
 - Level 1.7 Dodging
 * Level 3.7 Stealth
 + Level 2.4 Spellcasting
 + Level 3.4 Hexes
 + Level 1.0 Ice Magic


You had 2 spell levels left.
You knew the following spells:

 Your Spells              Type           Power      Damage    Failure   Level
a - Ensorcelled Hibernat  Hex/Ice        16%        N/A       13%         2
b - Confusing Touch       Hex            12%        N/A       16%         3

Your spell library contained the following spells:

 Spells                   Type           Power      Damage    Failure   Level
 Magic Dart               Conj           4%         1d3       22%         1
 Necrotise                Necr           4%         1d4       22%         1
 Searing Ray              Conj           2%         2d4       32%         2
 Tukima's Dance           Hex            12%        N/A       16%         3
 Dazzling Flash           Conj/Hex       12%        N/A       32%         3
 Vampiric Draining        Necr           1%         2d6       54%         3
 Fulminant Prism          Conj/Alch      0%         3d5       91%         4
 Agony                    Necr           1%         N/A       99%         5

Inventory:

Hand Weapons
 a - a +1 dagger (weapon)
Missiles
 g - 56 stones
Armour
 b - a +0 robe (worn)
Jewellery
 e - a ring of willpower
   (You found it on level 2 of the Dungeon)
Scrolls
 f - 2 scrolls of teleportation {@r4}
 j - a scroll of revelation {unknown}
 l - a scroll of blinking {!r}
 n - a scroll of silence {unknown}
Potions
 c - 2 potions of invisibility
 d - 2 potions of attraction {!q}
 h - 3 potions of curing {unknown}
 i - a potion of heal wounds {unknown}
 k - 2 potions of might {unknown}
 m - a potion of mutation {unknown}
 o - a potion of enlightenment {unknown}

Dungeon Overview and Level Annotations

Branches:
Dungeon (3/15) Zot: 15978

Altars:

Annotations:
D:2 Terence
D:3 Grinder

....... ###.#.# #. #.#.# #.#
###.#.##### #.# ......##.. ..#
# ###...##.# #.# .# #...##.#
#.# ##.# ###....).####.########
.g.#.##
................@b.o.###.......
###.######.##.######o.oo.....#
#..................o.....###
##########################


You could see an orc priest, an orc wizard, 2 orcs and a bat.


Message History

😕 HP[+1]
A quokka is nearby!
You barely miss the quokka. The quokka bites you.
You barely miss the quokka. The quokka misses you.
A quokka is nearby!
A quokka is nearby!
You closely miss the quokka. The quokka bites you.
You are too injured to fight recklessly! 😮 HP[-6]
You take 6 damage, and now have 21/32 hp.
A quokka is nearby!
You are too injured to fight recklessly!
You are too injured to fight recklessly!
A quokka is nearby!
You are too injured to fight recklessly!
You are too injured to fight recklessly!
A quokka is nearby!
You are too injured to fight recklessly!
You are too injured to fight recklessly!
A quokka is nearby!
You are too injured to fight recklessly!
You are too injured to fight recklessly!
You are too injured to fight recklessly!
You are too injured to fight recklessly!
Unknown command.
You hit the quokka.
You kill the quokka!
You see here a quokka corpse. 😮 HP[+1]
You see here a quokka corpse.
You now have 114 gold pieces (gained 12).
g - 56 stones (gained 6)
o - a blue potion 😎 HP[+10]
Your hp is fully restored (32).
Key pressed, stopping explore.
No target in view!
No target in view!
You see here a +0 whip.
You now have 124 gold pieces (gained 10). 2 orc wizards come into view.
The orc wizard shouts!
A bat comes into view.
The bat hits you but does no damage.
An orc comes into view. It is wielding a +0 short sword.
The orc shouts!
You hit the bat but do no damage. The bat hits you. x2 😕 HP[-2]
You take 2 damage, and now have 30/32 hp.
There are monsters nearby!
You closely miss the bat. The bat barely misses you.
The bat closely misses you.
An orc priest comes into view. It is wielding a +0 short sword.
The orc priest shouts!
You hit the orc wizard.
You hear a shout!
The bat closely misses you.
The orc wizard mumbles some strange words.
The orc wizard flickers and vanishes!
Deactivating autopickup; reactivate with Ctrl-A.
A goblin comes into view. It is wielding a +0 dagger.
There are monsters nearby!
You closely miss the orc wizard. You barely miss the orc wizard.
The bat barely misses you. The orc wizard barely misses you.
The orc barely misses you. The bat hits you.
There are monsters nearby!
You hit the orc wizard but do no damage.
The bat barely misses you.
The orc wizard hits you with a +0 dagger.
The orc hits you but does no damage. The bat misses you.
You miss the orc wizard. The bat hits you but does no damage.
The bat barely misses you. The orc wizard closely misses you.
The orc barely misses you. 😕 HP[-2]
You take 2 damage, and now have 28/32 hp.
Unknown command.
The bat hits you but does no damage. 😕 HP[+1]
The bat closely misses you.
The orc wizard attacks as it pursues you!
The orc wizard hits you with a +0 dagger. 😕 HP[-1]
You take 1 damage, and now have 28/32 hp.
The bat barely misses you.
The orc wizard attacks as it pursues you!
The orc wizard hits you with a +0 dagger. 😕 HP[-3]
You take 3 damage, and now have 25/32 hp.
The bat completely misses you. The bat closely misses you.
The orc priest invokes the aid of Beogh against you.
Beogh smites you!
* * * LOW HITPOINT WARNING * * *
😨 HP[-11]
You take 11 damage, and now have 14/32 hp.
MASSIVE DAMAGE!! (PAUSE)
The bat closely misses you. The bat hits you but does no damage.
An orc comes into view. It is wielding a +0 dagger.
The orc priest mumbles some strange prayers to Beogh against you.
Beogh smites you!
You die...

Skill      XL: |  1  2  3  4 |
---------------+-------------+-----
Short Blades   | 1 2 |  2.2
Stealth        | 3 |  3.7
Fighting       | 1 |  1.3
Ice Magic      | 1 |  1.0
Dodging        | |  1.7
Spellcasting   | |  2.4
Hexes          | |  3.4

Action                     |  1- 3 |  4- 6 || total
---------------------------+-------+-------++-------
  Melee: Dagger            |   128 |    30 ||   158
         Tailslap          |     7 |     4 ||    11
         Punch             |     1 |       ||     1
         Unarmed           |     1 |       ||     1
   Cast: Ensorcelled Hiber |     7 |     2 ||     9
         Confusing Touch   |       |     1 ||     1
    Use: Scroll            |     4 |       ||     4
   Stab: Sleeping          |     7 |     7 ||    14
         Confused          |       |     1 ||     1
 Armour: Robe              |    97 |    23 ||   120
         Skin              |     6 |       ||     6
  Dodge: Dodged            |   123 |    28 ||   151

Levels and vault maps discovered:
D:1:      roderic_crop_circles_arrival_small, layout_loops_ring,
          ebering_ecumenical_altar_box, hangedman_feature_mirror
D:2:      layout_rooms, uniq_terence, uniq_natasha
D:3:      layout_loops_ring, uniq_grinder

Notes
Turn   | Place    | Note
-------+----------+-------------------------------------------
     0 | D:1      | kae the Demonspawn Enchanter began the quest for the Orb.
     0 | D:1      | Reached XP level 1. HP: 13/13 MP: 3/3
     0 | D:1      | magus.rc [v1.11.3]
    30 | D:1      | Reached skill level 1 in Short Blades
   180 | D:1      | Gained mutation: You have a small tail. [demonic ancestry]
   180 | D:1      | Reached XP level 2. HP: 15/20 MP: 5/5
   183 | D:1      | Learned a level 2 spell: Ensorcelled Hibernation
   281 | D:1      | Reached skill level 3 in Stealth
   480 | D:1      | Found a faded altar of an unknown god.
   538 | D:1      | Reached XP level 3. HP: 24/25 MP: 6/6
   921 | D:2      | Noticed Natasha
  1082 | D:2      | Noticed Terence
  1227 | D:2      | Killed Natasha
  1228 | D:2      | Reached skill level 1 in Fighting
  1249 | D:1      | Learned a level 3 spell: Confusing Touch
  1336 | D:2      | Gained mutation: You regenerate magic rapidly. [demonic
                  | ancestry]
  1336 | D:2      | Reached XP level 4. HP: 29/32 MP: 7/7
  1341 | D:2      | You pick up a book of Conjurations and begin reading...
  1341 | D:2      | You add the spells Magic Dart, Searing Ray and Fulminant
                  | Prism to your library.
  1510 | D:2      | Noticed Natasha
  1520 | D:2      | Killed Natasha
  1521 | D:2      | Reached skill level 2 in Short Blades
  1619 | D:2      | You pick up a book of Necromancy and begin reading...
  1619 | D:2      | You add the spells Necrotise, Vampiric Draining and Agony
                  | to your library.
  1695 | D:3      | Identified the +5 plate armour of Vampiric Thralls {+Inv
                  | rElec Dex-3}
  1730 | D:3      | Noticed Grinder
  1834 | D:3      | Reached skill level 1 in Ice Magic
  2023 | D:3      | Killed from afar by an orc priest

Vanquished Creatures
  A jelly (D:3)
  Natasha (twice) (D:2)
  A gnoll (D:1)
  3 dart slugs
  2 endoplasms (D:3)
  4 hobgoblins
  8 kobolds
  2 quokkas
  3 ball pythons
  9 bats
  2 frilled lizards (D:1)
  2 goblins
  4 rats (D:1)
43 creatures vanquished.

Table legend:
 A = Non-vault XP
 B = Vault XP
 C = Vault XP percentage of total XP
 D = Non-vault monster count
 E = Vault monster count
 F = Vault count percentage of total count
                 A         B        C        D         E       F
            +---------+---------+-------+---------+---------+-------
      Total |     155 |      38 |  19.7 |      40 |       3 |   7.0
            +---------+---------+-------+---------+---------+-------
        D:1 |      43 |       3 |   6.5 |      21 |       2 |   8.7
        D:2 |      56 |      35 |  38.5 |      12 |       1 |   7.7
        D:3 |      56 |       0 |   0.0 |       7 |       0 |   0.0
            +---------+---------+-------+---------+---------+-------

Skill      XL: |  1  2  3  4 |
---------------+-------------+-----
Short Blades   | 1 2 |  2.2
Stealth        | 3 |  3.7
Fighting       | 1 |  1.3
Ice Magic      | 1 |  1.0
Dodging        | |  1.7
Spellcasting   | |  2.4
Hexes          | |  3.4

Action                     |  1- 3 |  4- 6 || total
---------------------------+-------+-------++-------
  Melee: Dagger            |   128 |    30 ||   158
         Tailslap          |     7 |     4 ||    11
         Punch             |     1 |       ||     1
         Unarmed           |     1 |       ||     1
   Cast: Ensorcelled Hiber |     7 |     2 ||     9
         Confusing Touch   |       |     1 ||     1
    Use: Scroll            |     4 |       ||     4
   Stab: Sleeping          |     7 |     7 ||    14
         Confused          |       |     1 ||     1
 Armour: Robe              |    97 |    23 ||   120
         Skin              |     6 |       ||     6
  Dodge: Dodged            |   123 |    28 ||   151

Illustrated notes

Table legend:
 A = Kills in this place as a percentage of kills in the entire game.
 B = Kills by you in this place as a percentage of kills by you in the entire game.
 C = Kills by friends in this place as a percentage of kills by friends in the entire game.
 D = Other kills in this place as a percentage of other kills in the entire game.
 E = Experience gained in this place as a percentage of experience gained in the entire game.
 F = Experience gained in this place divided by the number of levels of this place that you have seen.
                   A       B       C       D       E      F
               +-------+-------+-------+-------+-------+----------------------
         Total | 100.0 | 100.0 |   N/A |   N/A | 100.0 |  64.3
       Dungeon | 100.0 | 100.0 |   N/A |   N/A | 100.0 |  64.3
               +-------+-------+-------+-------+-------+----------------------

Table legend: (Time is in decaauts)
 A = Elapsed time spent in this place.
 B = Non-inter-level travel time spent in this place.
 C = Inter-level travel time spent in this place.
 D = Time resting spent in this place.
 E = Time spent auto-exploring this place.
 F = Levels seen in this place.
 G = Mean time per level.
                   A        B        C        D        E       F      G
               +--------+--------+--------+--------+--------+-----+--------+
         Total |   2020 |   1912 |    108 |    260 |   1165 |   3 |  673.3 |
       Dungeon |   2020 |   1912 |    108 |    260 |   1165 |   3 |  673.3 |
               +--------+--------+--------+--------+--------+-----+--------+

Top non-repeatable levels by time:
     D:1: 1021 daAuts
     D:2: 652 daAuts
     D:3: 346 daAuts
